 Dungeon Crawl Stone Soup version 0.16-a0-3338-g714714c (webtiles) character file.

203 stonewall the Insei (level 5, -3/41 HPs)
             Began as a Mummy Monk on Dec 28, 2014.
             Shot with an arrow by a centaur (11 damage)
             ... on level 4 of the Dungeon.
             The game lasted 00:06:21 (4302 turns).

stonewall the Insei (Mummy Monk)                    Turns: 4302, Time: 00:06:21

Health: -3/41      AC:  3    Str: 14    XL:     5   Next: 51%
Magic:  5/5        EV: 13    Int:  9    God:
Gold:   158        SH:  0    Dex: 15    Spells: 0 memorised, 4 levels left

rFire  . . .     SeeInvis .       - Unarmed
rCold  + . .     Clarity  .     (no armour)
rNeg   + + +     SustAb   .     (no shield)
rPois  ∞         Gourm    .     d - +0 helmet
rElec  .         Spirit   .     b - +0 cloak
rCorr  .         Warding  .     l - +0 pair of gloves
rMut   .         Stasis   .     (no boots)
MR     .....                    (no amulet)
Stlth  ++........               k - ring of flight
                                h - ring of protection from fire

@: not resistant to hostile enchantments, unstealthy
A: no food or potions, fire vulnerability, restore body, cold resistance 1,
negative energy resistance 3, poison resistance, torment resistance, unbreathing
a: Evoke Flight


You were on level 4 of the Dungeon.
You were not hungry.

You visited 1 branch of the dungeon, and saw 4 of its levels.

You collected 158 gold pieces.

Inventory:

Armour
 b - a +0 cloak (worn)
 d - a +0 helmet (worn)
 l - a +0 pair of gloves (worn)
Jewellery
 e - an uncursed ring of teleportation
 h - a ring of protection from fire (left hand)
 k - a ring of flight (right hand)
Scrolls
 a - a scroll of amnesia
 c - 4 scrolls of remove curse
 g - a scroll of identify
 i - a scroll of fog {unknown}
 j - 3 scrolls of blinking {unknown}


   Skills:
 - Level 3.0 Fighting
 - Level 2.4 Dodging
 - Level 1.5 Stealth
 + Level 5.7 Unarmed Combat


You had 4 spell levels left.
You didn't know any spells.

Dungeon Overview and Level Annotations

Branches:
Dungeon (4/15)
 Temple: D:4-7

Altars:
Kikubaaqudgha
Makhleb
Vehumet


Innate Abilities, Weirdness & Mutations

You do not eat or drink.
Your flesh is vulnerable to fire.
Your flesh is cold resistant.
You are immune to negative energy.
Your system is resistant to poisons.
You are immune to unholy pain and torment.
You can survive without breathing.


Message History

The worker ant is heavily wounded.
The worker ant bites you!
You barely miss the worker ant.
The worker ant is heavily wounded.
The worker ant bites you.
* * * LOW HITPOINT WARNING * * *
The worker ant bites you.
* * * LOW HITPOINT WARNING * * *
You are too injured to fight recklessly!
You are too injured to fight recklessly!
You are too injured to fight recklessly!
Read which item? (? for menu, Esc to quit)
As you read the scroll of teleportation, it crumbles to dust.
You feel strangely unstable. The worker ant bites you.
* * * LOW HITPOINT WARNING * * *
Your surroundings suddenly seem different.
A centaur comes into view.
The centaur shouts!
The goblin shouts!
The centaur wields a shortbow.
The centaur shoots an arrow.
The arrow hits you!
You die...

#.##.##.>.#
...#..........
..............
..............
.........g....# .
..... ..........
##.. . ....c..
##.....
.$......#........
........@........
..........@......
.......###..#..
.....## ## ....#
..# .


You could see Sigmund, a centaur and a goblin.

Vanquished Creatures
  A hound (D:3)
  6 adders
  2 giant mites (D:4)
  2 worms
  2 giant geckos
  An ooze (D:4)
  6 orcs
  11 hobgoblins
  3 jackals (D:3)
  11 kobolds
  A quokka (D:2)
  A ball python (D:2)
  10 bats
  4 giant cockroaches
  5 giant newts
  13 goblins
  11 rats
90 creatures vanquished.

Notes
Turn   | Place    | Note
--------------------------------------------------------------
     0 | D:1      | stonewall, the Mummy Monk, began the quest for the Orb.
     0 | D:1      | Reached XP level 1. HP: 18/18 MP: 1/1
   447 | D:1      | Reached XP level 2. HP: 20/24 MP: 2/2
   836 | D:1      | Reached skill level 4 in Unarmed Combat
  1224 | D:1      | Reached XP level 3. HP: 29/29 MP: 3/3
  2224 | D:2      | Reached XP level 4. HP: 19/35 MP: 4/4
  2692 | D:3      | Found a radiant altar of Vehumet.
  2931 | D:3      | Reached skill level 5 in Unarmed Combat
  3561 | D:3      | Found an ancient bone altar of Kikubaaqudgha.
  3562 | D:3      | Found a burning altar of Makhleb.
  3581 | D:3      | Reached XP level 5. HP: 41/41 MP: 5/5
  4302 | D:4      | Noticed a centaur
  4302 | D:4      | Shot with an arrow by a centaur

Action                   |  1- 3 |  4- 6 || total
-------------------------+-------+-------++-------
Melee: Unarmed           |   143 |   219 ||   362
  Use: Scroll            |     5 |     2 ||     7
 Stab: Sleeping          |     2 |     1 ||     3
